 Dungeon Crawl Stone Soup version 0.20.0-10-g0535bb4 (webtiles) character file.

137 minicreteconcrete the Firebug (level 5, -4/28 HPs)
             Began as a Deep Elf Fire Elementalist on June 6, 2017.
             Slain by Grinder (7 damage)
             ... while paralysed by Grinder
             ... on level 3 of the Dungeon.
             The game lasted 00:06:24 (3703 turns).

minicreteconcrete the Firebug (DEFE)                Turns: 3703, Time: 00:06:24

Health: -4/28      AC:  3    Str:  5    XL:     5   Next: 0%
Magic:  9/13       EV:  2    Int: 21    God:
Gold:   54         SH:  0    Dex: 15    Spells: 1/12 levels left

rFire    . . .     SeeInvis .   a - +0 spear
rCold    . . .     Gourm    .   (no shield)
rNeg     . . .     Faith    .   q - +1 robe
rPois    .         Spirit   .   (no helmet)
rElec    .         Reflect  .   (no cloak)
rCorr    .         Harm     .   (no gloves)
MR       .....                  (no boots)
Stlth    ++........             (no amulet)
Regen    0.1/turn               (no ring)
MPRegen  0.2/turn               (no ring)

@: paralysed
A: no striking features
a: no special abilities


You were on level 3 of the Dungeon.
You were not hungry.

You visited 1 branch of the dungeon, and saw 3 of its levels.

You collected 54 gold pieces.

Inventory:

Hand Weapons
 a - a +0 spear (weapon)
Missiles
 d - a throwing net
 e - 115 stones (quivered)
 f - 51 arrows
 g - 14 sling bullets
 j - 51 bolts
 s - 2 tomahawks
Armour
 q - a +1 robe (worn)
Scrolls
 m - 2 scrolls of teleportation
 r - 2 scrolls of remove curse
Potions
 i - 2 potions of curing
 l - 2 potions of lignification {unknown}
Books
 b - a book of Flames

   Spells                             Type                      Level
   a - Flame Tongue                   Conjuration/Fire             1
   b - Throw Flame                    Conjuration/Fire             2
   c - Conjure Flame                  Conjuration/Fire             3
   d - Inner Flame                    Hexes/Fire                   3
   e - Sticky Flame                   Conjuration/Fire             4
   f - Fireball                       Conjuration/Fire             5
 p - a book of Maledictions

   Spells                             Type                      Level
   a - Corona                         Hexes                        1
   b - Ensorcelled Hibernation        Hexes/Ice                    2
   c - Confuse                        Hexes                        3
   d - Tukima's Dance                 Hexes                        3
   e - Dazzling Spray                 Conjuration/Hexes            3
Comestibles
 c - 2 bread rations
 h - 2 chunks of flesh
 k - a meat ration


   Skills:
 + Level 0.2 Fighting
 + Level 0.2 Polearms
 + Level 2.8 Dodging
 - Level 2.7 Stealth
 + Level 4.3 Spellcasting
 + Level 2.4 Conjurations
 + Level 4.6 Fire Magic


You had one spell level left.
You knew the following spells:

 Your Spells              Type           Power        Failure   Level  Hunger
a - Flame Tongue          Conj/Fire      ###..        2%          1    None
b - Conjure Flame         Conj/Fire      ###.....     9%          3    ##.....
c - Dazzling Spray        Conj/Hex       #.....       22%         3    ##.....
d - Sticky Flame          Conj/Fire      ###.....     26%         4    ####...


Dungeon Overview and Level Annotations

Branches:
Dungeon (3/15)

Altars:
Zin

Annotations:
D:3 Grinder


Message History

Press: ? - help, Shift-Dir - straight line, f/p - Grinder
Aim: Grinder (lightly wounded)
The sticky flame hits Grinder.
Grinder is lightly wounded.
Grinder is covered in liquid flames!
Grinder burns!
Grinder hits you.
You writhe in agony.
Grinder burns!
Grinder gestures at you. Pain shoots through your body!
* * * LOW HITPOINT WARNING * * *
You feel better.
Grinder burns!
Grinder gestures at you.
You suddenly lose the ability to move!
Grinder burns! x2
Grinder stops burning.
Grinder gestures at you. Pain shoots through your body!
* * * LOW HITPOINT WARNING * * *
Grinder hits you!
You die...

#....##...#....................
#...........8.....8.....######.
#...#######.............##
#...# #....<............# #...#
###.#.###......##.######
#...### #.#.# #......##.......
#.....####.#.###......##.....##
#..........#.5.#.....).........
##....########@................
#....# #####.................
#....# #...#..#..............
#....# #.#.#.......#.........
#....# #.#.........#.........
#....####.####......#.........
#....'....# ##......#.........
##...########.......#.........
#...#..............######....


You could see Grinder.

Vanquished Creatures
  6 adders
  An ooze (D:1)
  A worm (D:2)
  2 leopard geckos (D:2)
  An orc (D:3)
  2 ball pythons
  4 giant cockroaches
  9 goblins
  7 hobgoblins
  2 jackals (D:1)
  2 quokkas (D:2)
  10 bats
  7 frilled lizards
  6 kobolds
  15 rats
75 creatures vanquished.

Notes
Turn   | Place    | Note
-------+----------+-------------------------------------------
     0 | D:1      | minicreteconcrete the Deep Elf Fire Elementalist began the quest for the Orb.
     0 | D:1      | Reached XP level 1. HP: 10/10 MP: 6/6
   222 | D:1      | Reached XP level 2. HP: 15/15 MP: 2/8
   810 | D:1      | Reached XP level 3. HP: 19/19 MP: 7/9
   815 | D:1      | Learned a level 3 spell: Conjure Flame
  2163 | D:2      | Reached XP level 4. HP: 24/24 MP: 7/11
  3019 | D:3      | Learned a level 3 spell: Dazzling Spray
  3071 | D:3      | Found a glowing silver altar of Zin.
  3186 | D:3      | Noticed Grinder
  3197 | D:3      | Paralysed by Grinder for 2 turns
  3484 | D:3      | Learned a level 4 spell: Sticky Flame
  3586 | D:3      | Reached XP level 5. HP: 28/28 MP: 11/13
  3699 | D:3      | HP: 1/28 [Grinder/nerve-wracking pain (12)]
  3700 | D:3      | Paralysed by Grinder for 6 turns
  3703 | D:3      | Slain by Grinder

Skill      XL: |  1  2  3  4 |
---------------+-------------+-----
Fire Magic     | 4 |  4.6
Conjurations   | 2 |  2.4
Spellcasting   | 4 |  4.3
Fighting       | |  0.2
Polearms       | |  0.2
Dodging        | |  2.8
Stealth        | |  2.7

Action                   |  1- 3 |  4- 6 || total
-------------------------+-------+-------++-------
Melee: Spear             |    27 |    16 ||    43
 Cast: Flame Tongue      |    78 |    45 ||   123
       Conjure Flame     |     1 |       ||     1
       Dazzling Spray    |       |     1 ||     1
       Sticky Flame      |       |     1 ||     1
  Use: Scroll            |     5 |       ||     5
       Potion            |       |     6 ||     6
 Stab: Sleeping          |     2 |     1 ||     3
  Eat: Chunk             |     4 |     5 ||     9
Armor: Robe              |    10 |     6 ||    16
Dodge: Dodged            |    27 |    29 ||    56
